 Dungeon Crawl Stone Soup version 0.29-a0-214-g17f627cfee (webtiles) character file.

Game seed: 6547615985996855456

163 arthad the Vexing (level 5, -6/41 HPs)
             Began as a Gnoll Arcane Marksman on Feb 25, 2022.
             Mangled by Robin
             ... wielding a +2 spear of freezing
              (7 damage)
             ... on level 3 of the Dungeon.
             The game lasted 00:05:41 (3234 turns).

arthad the Vexing (Gnoll Arcane Marksman)           Turns: 3234, Time: 00:05:42

Health: -6/41      AC:  3    Str:  6 (9)  XL:     5   Next: 44%
Magic:  9/9        EV: 14    Int: 11 (12) God:
Gold:   132        SH:  0    Dex: 14 (15) Spells: 3/10 levels left

rFire   + . .      SeeInvis .   s - +2 morningstar (vorpal)
rCold   + . .      Faith    .   (no shield)
rNeg    . . .      Spirit   .   b - +0 robe
rPois   +          Reflect  .   (no helmet)
rElec   +          Harm     .   (no cloak)
rCorr   +          Rampage  .   u - +0 pair of gloves
Will    .....                   (no boots)
Stlth   ++........              (no amulet)
HPRegen 0.13/turn               (no ring)
MPRegen 0.11/turn               (no ring)

@: resistant
A: fangs 1, strong nose, distributed training
a: no special abilities


You were on level 3 of the Dungeon.
You visited 1 branch of the dungeon, and saw 3 of its levels.

You collected 132 gold pieces.

Inventory:

Hand Weapons
 a - a +0 hand crossbow
 c - a +0 short sword
 p - a +0 rapier
 s - a +2 vorpal morningstar (weapon)
Missiles
 o - 9 poisoned darts
 q - a throwing net
Armour
 b - a +0 robe (worn)
 u - a +0 pair of gloves (worn)
Scrolls
 e - 4 scrolls of teleportation {unknown}
 h - 6 scrolls of identify {unknown}
 k - a scroll of summoning {unknown}
 m - a scroll of noise {unknown}
 r - a scroll of immolation {unknown}
Potions
 d - a potion of degeneration
 f - a potion of resistance
 g - a potion of curing
 i - 2 potions of attraction {unknown}
 j - a potion of might {unknown}
 l - a potion of ambrosia {unknown}
 n - a potion of mutation {unknown}
 t - a potion of cancellation {unknown}


   Skills:
 + Level 3.0 Fighting
 + Level 1.5 Short Blades
 + Level 1.5 Long Blades
 + Level 1.5 Axes
 + Level 1.5 Maces & Flails
 + Level 1.5 Polearms
 + Level 1.5 Staves
 + Level 1.5 Slings
 + Level 1.5 Bows
 + Level 4.8 Crossbows
 + Level 1.5 Throwing
 + Level 1.5 Armour
 + Level 4.8 Dodging
 + Level 1.5 Stealth
 + Level 1.5 Shields
 + Level 1.5 Unarmed Combat
 + Level 3.2 Spellcasting
 + Level 1.2 Conjurations
 + Level 5.5 Hexes
 + Level 1.2 Summonings
 + Level 1.2 Necromancy
 + Level 1.2 Translocations
 + Level 1.2 Transmutations
 + Level 1.2 Fire Magic
 + Level 1.2 Ice Magic
 + Level 1.2 Air Magic
 + Level 1.2 Earth Magic
 + Level 1.2 Poison Magic
 + Level 1.7 Invocations
 + Level 1.5 Evocations


You had 3 spell levels left.
You knew the following spells:

 Your Spells              Type           Power      Damage    Failure   Level
a - Slow                  Hex            56%        N/A       2%          1
b - Inner Flame           Hex/Fire       9%         N/A       19%         3
c - Portal Projectile     Hex/Tloc       18%        N/A       19%         3

Your spell library contained the following spells:

 Spells                   Type           Power      Damage    Failure   Level
 Cause Fear               Hex            7%         N/A       26%         4
 Blade Hands              Tmut           2%         N/A       99%         5
 Excruciating Wounds      Necr           2%         N/A       99%         5


Dungeon Overview and Level Annotations

Branches:
Dungeon (3/15)

Altars:

Annotations:
D:3 Robin


Innate Abilities, Weirdness & Mutations

You have very sharp teeth.
Your uncanny sense of smell can sniff out nearby items.
Your experience applies equally to all skills.


Message History

Shoot: a) +0 hand crossbow
Press: ? - help, Shift-Dir - straight line, f/p - goblin
Aim: a goblin, wielding a +0 club (strong, 56% to hit)
Unknown command.
Unknown command.
You aren't carrying any items that you can evoke.
Unknown command.
It was a potion of degeneration.
There was something very wrong with that liquid.
You feel weakened.
You feel dopey.
You feel clumsy. Robin hits you but does no damage.
The goblin hits you with a +0 club.
It was a potion of resistance.
You feel protected.
Robin hits you from afar with a +2 spear of freezing.
The goblin barely misses you.
It was a potion of curing.
You feel better. Robin closely misses you. The goblin closely misses you.
s - a +2 vorpal morningstar (weapon)
You barely miss the goblin. Your bite misses the goblin.
Robin hits you from afar with a +2 spear of freezing.
The goblin hits you with a +0 club. Robin barely misses you.
The goblin hits you with a +0 club.
You are too injured to fight recklessly!
You are too injured to fight recklessly!
You are too injured to fight recklessly!
You closely miss the goblin. Your bite misses the goblin.
Robin completely misses you. The goblin barely misses you.
You closely miss the goblin. Robin closely misses you.
The goblin hits you with a +0 club. Robin misses you.
You miss the goblin. The goblin barely misses you.
Robin says, "My goblins will feast on your bones."
Robin barely misses you. The goblin hits you with a +0 club.
* * * LOW HITPOINT WARNING * * *
You closely miss the goblin.
Robin hits you from afar with a +2 spear of freezing!
* * * LOW HITPOINT WARNING * * *
The goblin hits you with a +0 club.
* * * LOW HITPOINT WARNING * * *
Robin hits you from afar with a +2 spear of freezing!
You die...

.......#
#.........##.##...#
##.....#
#.........'.......#
#.....#
#.........###.#.#.###
#.....#
#.........#..........
#.....#
#.........#.#.######..
#.....#
###########.#.........
#.....# #.#..####### #
#.....#
.$.########......# #
#.....#
#..))g)@g......#.# #####
#.....#
##.##.######...#.###....
#.....# # #...#........
#.....# #.........###
#.....# #...####..#
####### ##........#
#.#####.## ∆ #.# #.#
#.#####.#


You could see Robin and a goblin (strong).

Vanquished Creatures
  Terence (D:3)
  3 adders (D:2)
  2 gnolls (D:3)
  A worm (D:2)
  4 dart slugs
  An orc (D:3)
  6 bats
  8 endoplasms
  A giant cockroach (D:2)
  13 goblins
  6 hobgoblins
  6 jackals (D:2)
  6 kobolds
  3 quokkas
  2 ball pythons (D:1)
  5 frilled lizards
  9 rats
77 creatures vanquished.

Notes
Turn   | Place    | Note
-------+----------+-------------------------------------------
     0 | D:1      | arthad the Gnoll Arcane Marksman began the quest for the
                  | Orb.
     0 | D:1      | Reached XP level 1. HP: 17/17 MP: 4/4
   208 | D:1      | Reached XP level 2. HP: 21/23 MP: 5/5
  1019 | D:1      | Reached XP level 3. HP: 28/28 MP: 7/7
  1144 | D:2      | Reached skill level 1 in Invocations
  1332 | D:2      | Reached skill level 1 in Short Blades
  1332 | D:2      | Reached skill level 1 in Long Blades
  1332 | D:2      | Reached skill level 1 in Axes
  1332 | D:2      | Reached skill level 1 in Maces & Flails
  1332 | D:2      | Reached skill level 1 in Polearms
  1332 | D:2      | Reached skill level 1 in Staves
  1332 | D:2      | Reached skill level 1 in Slings
  1332 | D:2      | Reached skill level 1 in Bows
  1332 | D:2      | Reached skill level 1 in Throwing
  1332 | D:2      | Reached skill level 1 in Armour
  1332 | D:2      | Reached skill level 1 in Stealth
  1332 | D:2      | Reached skill level 1 in Shields
  1332 | D:2      | Reached skill level 1 in Unarmed Combat
  1332 | D:2      | Reached skill level 1 in Evocations
  1361 | D:2      | Reached XP level 4. HP: 14/34 MP: 6/8
  1552 | D:2      | Learned a level 3 spell: Inner Flame
  1556 | D:2      | Learned a level 3 spell: Portal Projectile
  1801 | D:2      | Found a faded altar of an unknown god.
  2090 | D:2      | Reached skill level 1 in Conjurations
  2090 | D:2      | Reached skill level 1 in Summonings
  2090 | D:2      | Reached skill level 1 in Necromancy
  2090 | D:2      | Reached skill level 1 in Translocations
  2090 | D:2      | Reached skill level 1 in Transmutations
  2090 | D:2      | Reached skill level 1 in Fire Magic
  2090 | D:2      | Reached skill level 1 in Ice Magic
  2090 | D:2      | Reached skill level 1 in Air Magic
  2090 | D:2      | Reached skill level 1 in Earth Magic
  2090 | D:2      | Reached skill level 1 in Poison Magic
  2139 | D:3      | Noticed Terence
  2155 | D:3      | Killed Terence
  2156 | D:3      | Reached XP level 5. HP: 18/40 MP: 9/9
  3210 | D:3      | Noticed Robin
  3234 | D:3      | HP: 1/41 [goblin/+0 club[Robin] (3)]
  3234 | D:3      | Mangled by Robin

Illustrated notes

Levels and vault maps discovered:
D:1:      roderic_crossed_star, layout_basic, minivault_11
D:2:      layout_loops_ring, hellmonk_ecumenical_altar_dog_temple,
          lemuel_old_faithful
D:3:      minmay_general_purpose_star, layout_basic, serial_rivers,
          chequers_serial_rivers_micro_b, chequers_serial_rivers_room_b,
          chequers_serial_rivers_room_b, chequers_serial_rivers_micro_a,
          glass_columns_a, uniq_terence, uniq_robin

Skill      XL: |  1  2  3  4  5 |
---------------+----------------+-----
Invocations    | 1 |  1.7
Short Blades   | 1 |  1.5
Long Blades    | 1 |  1.5
Axes           | 1 |  1.5
Maces & Flails | 1 |  1.5
Polearms       | 1 |  1.5
Staves         | 1 |  1.5
Slings         | 1 |  1.5
Bows           | 1 |  1.5
Throwing       | 1 |  1.5
Armour         | 1 |  1.5
Stealth        | 1 |  1.5
Shields        | 1 |  1.5
Unarmed Combat | 1 |  1.5
Evocations     | 1 |  1.5
Spellcasting   | 3 |  3.2
Conjurations   | 1 |  1.2
Summonings     | 1 |  1.2
Necromancy     | 1 |  1.2
Translocations | 1 |  1.2
Transmutations | 1 |  1.2
Fire Magic     | 1 |  1.2
Ice Magic      | 1 |  1.2
Air Magic      | 1 |  1.2
Earth Magic    | 1 |  1.2
Poison Magic   | 1 |  1.2
Fighting       | 3 |  3.0
Crossbows      | |  4.8
Dodging        | |  4.8
Hexes          | |  5.5

Action                   |  1- 3 |  4- 6 || total
-------------------------+-------+-------++-------
Melee: Morningstar       |       |     5 ||     5
 Fire: Hand crossbow     |   118 |   109 ||   227
Throw: Dart              |       |     3 ||     3
 Cast: Slow              |     1 |     1 ||     2
  Use: Potion            |       |     3 ||     3
Armor: Robe              |     6 |    11 ||    17
Dodge: Dodged            |    43 |    59 ||   102

Table legend: (Time is in decaauts)
 A = Elapsed time spent in this place.
 B = Non-inter-level travel time spent in this place.
 C = Inter-level travel time spent in this place.
 D = Time resting spent in this place.
 E = Time spent auto-exploring this place.
 F = Levels seen in this place.
 G = Mean time per level.
                   A        B        C        D        E       F      G
               +--------+--------+--------+--------+--------+-----+--------+
         Total |   3299 |   3245 |     54 |    344 |   2431 |   3 | 1099.7 |
       Dungeon |   3299 |   3245 |     54 |    344 |   2431 |   3 | 1099.7 |
               +--------+--------+--------+--------+--------+-----+--------+

Top non-repeatable levels by time:
     D:1: 1149 daAuts
     D:3: 1125 daAuts
     D:2: 1024 daAuts
